 Dungeon Crawl Stone Soup version 0.31-a0-133-gaae73658be (webtiles) character file.

Game seed: 7294349714107777381

324 NoAnimeNoLife the Magician (level 6, 0/41 HPs)
             Began as a Mummy Earth Elementalist on June 2, 2023.
             Hit by a goblin thrown by Robin (2 damage)
             ... on level 3 of the Dungeon.
             The game lasted 00:02:39 (3133 turns).

NoAnimeNoLife the Magician (MuEE)                   Turns: 3133, Time: 00:02:40

Health: 0/41       AC:  2    Str: 11    XL:     6   Next: 23%
Magic:  9/13       EV: 12    Int: 16    God:
Gold:   142        SH:  0    Dex: 13    Spells: 14/15 levels left

rFire   x . .        g - +3 whip
rCold   + . .        (no shield)
rNeg    + + +        a - +0 robe
rPois   ∞            (no helmet)
rElec   .            (no cloak)
rCorr   .            (no gloves)
SInv    .            (no boots)
Will    .....        (no amulet)
Stlth   ++           (no ring)
HPRegen 0.26/turn    (no ring)
MPRegen 0.13/turn

%: faith
@: no status effects
A: cold resistance 1, negative energy resistance 3, torment resistance 2, heat
vulnerability 1, in touch with death 1, no potions, faith
a: no special abilities


You were on level 3 of the Dungeon.
You visited 1 branch of the dungeon, and saw 3 of its levels.

You collected 142 gold pieces.

Inventory:

Hand Weapons
 e - a +0 scythe
 g - a +3 whip (weapon)
Armour
 a - a +0 robe (worn)
Jewellery
 c - a +5 ring of evasion
Scrolls
 b - a scroll of amnesia
 d - a scroll of blinking {unknown}
 f - a scroll of butterflies {unknown}
 h - 2 scrolls of teleportation {unknown}
 i - a scroll of acquirement {unknown}
 j - a scroll of immolation {unknown}
 k - a scroll of enchant armour {unknown}
 l - a scroll of identify {unknown}
 m - a scroll of enchant weapon {unknown}


   Skills:
 - Level 1.5 Dodging
 - Level 1.5 Stealth
 + Level 5.2 Spellcasting
 + Level 2.7 Conjurations
 - Level 0.7 Transmutations
 + Level 3.8 Earth Magic


You had 14 spell levels left.
You knew the following spells:

 Your Spells              Type           Power      Damage    Failure   Level
a - Sandblast             Erth           32%        2d9       3%          1

Your spell library contained the following spells:

 Spells                   Type           Power      Damage    Failure   Level
 Magic Dart               Conj           48%        1d5       4%          1
 Passwall                 Tmut/Erth      9%         N/A       9%          2
 Stone Arrow              Conj/Erth      28%        3d8       12%         3
 Call Imp                 Summ           8%         N/A       22%         2
 Lesser Beckoning         Tloc           8%         N/A       22%         2
 Hailstorm                Conj/Ice       8%         3d4       26%         3
 Mephitic Cloud           Conj/Pois/Air  7%         N/A       30%         3
 Gell's Gravitas          Tloc           4%         N/A       41%         3
 Teleport Other           Tloc           4%         N/A       41%         3
 Petrify                  Tmut/Erth      11%        N/A       50%         4
 Simulacrum               Ice/Necr       3%         N/A       100%        6
 Ice Form                 Ice/Tmut       Unusable   N/A       N/A         4

Dungeon Overview and Level Annotations

Branches:
Dungeon (3/15)

Altars:
Fedhas
Xom

Annotations:
D:3 Robin


Innate Abilities, Weirdness & Mutations

You are immune to poison.
Your flesh is cold resistant. (rC+)
You are immune to negative energy. (rN+++)
You are immune to unholy pain and torment.
You are vulnerable to heat. (rF-)
You are in touch with the powers of death.
You do not drink.
You have a special connection with the divine. (Faith)


Message History

The blast of sand misses the goblin.
The blast of sand misses Robin.
The hobgoblin barely misses you. The goblin barely misses you. x3
The hobgoblin barely misses you. The goblin barely misses you.
The goblin hits you with a +0 club.
Robin roars a battlecry!
The goblins go into a battle-frenzy!
The goblin hits you with a +0 dagger. The goblin hits you with a +0 club.
There are monsters nearby!
You are too injured to fight recklessly!
There are monsters nearby!
You are too injured to fight recklessly!
There are monsters nearby!
The goblin attacks as you move away! The goblin hits you with a +0 dagger.
The goblin hits you but does no damage. The goblin closely misses you.
The goblin hits you with a +0 club.
* * * LOW HITPOINT WARNING * * *
The goblin attacks as you move away! The goblin barely misses you.
The goblin attacks as you move away! The goblin closely misses you.
The hobgoblin attacks as you move away! The hobgoblin hits you!
* * * LOW HITPOINT WARNING * * *
Robin drinks a potion.
Robin is healed!
You aren't carrying any items that you can evoke.
Okay, then.
Aiming: Sandblast (safe; 3% risk of failure)
Press: ? - help, Q - select action Shift-Dir - straight line, f/p - goblin
Aim: a goblin, wielding a +0 dagger (strong, 77% to hit)
Okay, then.
Casting: Sandblast (safe; 3% risk of failure)
Confirm with . or Enter, or press ? or * to list all spells.
Okay, then.
As you read the scroll labelled KYDOBU OJAMAO, it crumbles to dust.
It is a scroll of amnesia.
Really abort (and waste the scroll)? [Y]es or [N]o only, please.
Really abort (and waste the scroll)? [Y]es or [N]o only, please.
Really abort (and waste the scroll)?
Okay, then.
The hobgoblin closely misses you. Robin throws the goblin at you!
You die...

#.# .. ..#.........# #.#.
?. ..########.## #...##.
#..# ##'## ...#.#...#
##...## #. #.....#.#
##.....## #..##.g)##.#
##.......##
#....._g...###.........##
##.##..g##...'.........'.
#...g@#.###.........##
#...#.#g..# ##.......##
#..##.##..# ##.....## ##.
.....## ##...## #
........ #####'###
#.#####.##.......# #.
#......#.#.# #..........#
#..#.#.....####


You could see Robin, a hobgoblin (strong) and 3 goblins.

Vanquished Creatures
  Sigmund (D:2)
  A jelly (D:3)
  5 adders
  A worm (D:2)
  2 dart slugs (D:2)
  5 bats
  9 endoplasms
  3 giant cockroaches
  12 goblins
  6 hobgoblins
  7 jackals
  6 kobolds
  2 quokkas
  10 ball pythons
  4 frilled lizards
  7 rats
81 creatures vanquished.

Notes
Turn   | Place    | Note
-------+----------+-------------------------------------------
     0 | D:1      | NoAnimeNoLife the Mummy Earth Elementalist began the quest
                  | for the Orb.
     0 | D:1      | Reached XP level 1. HP: 13/13 MP: 4/4
   267 | D:1      | Reached skill level 3 in Spellcasting
   373 | D:1      | Reached XP level 2. HP: 19/19 MP: 4/6
   726 | D:1      | Reached skill level 1 in Conjurations
  1149 | D:2      | Gained mutation: You are in touch with the powers of death.
                  | [Mummy growth]
  1149 | D:2      | Reached XP level 3. HP: 24/24 MP: 5/7
  1398 | D:2      | Noticed Sigmund
  1408 | D:2      | Killed Sigmund
  1409 | D:2      | Reached skill level 4 in Spellcasting
  1409 | D:2      | Reached XP level 4. HP: 27/30 MP: 3/10
  1409 | D:2      | Reached XP level 5. HP: 32/35 MP: 3/12
  2026 | D:2      | Found a faded altar of an unknown god.
  2277 | D:3      | Reached skill level 5 in Spellcasting
  2277 | D:3      | Reached XP level 6. HP: 41/41 MP: 10/13
  2707 | D:3      | Found a shimmering altar of Xom.
  3105 | D:3      | Found a blossoming altar of Fedhas.
  3125 | D:3      | Noticed Robin
  3132 | D:3      | HP: 2/41 [hobgoblin[Robin] (7)]
  3133 | D:3      | Hit by a goblin thrown by Robin

Illustrated notes

Levels and vault maps discovered:
D:1:      dpeg_arrival_central, layout_basic
D:2:      layout_loops_ring, ebering_ecumenical_altar_abandoned,
          nicolae_underground_beach, uniq_sigmund
D:3:      layout_loops_corners, nicolae_elyvilon_peaceful_grove,
          mainiacjoe_overflow_small_starburst, brannock_xom_greatest_gift,
          serial_park_tiny_pond, serial_bayou_ford_a, minivault_27, uniq_robin

Skill      XL: |  1  2  3  4  5 |
---------------+----------------+-----
Spellcasting   | 3 4 5 |  5.2
Conjurations   | 1 2 |  2.7
Earth Magic    | 3 |  3.8
Dodging        | |  1.5
Stealth        | |  1.5
Transmutations | |  0.7

Action                     |  1- 3 |  4- 6 || total
---------------------------+-------+-------++-------
  Melee: Unarmed           |    30 |       ||    30
         Whip              |       |     9 ||     9
         Halberd           |       |     1 ||     1
   Cast: Sandblast         |    52 |    62 ||   114
    Use: Scroll            |       |     1 ||     1
 Armour: Robe              |    19 |    11 ||    30
  Dodge: Dodged            |    72 |    39 ||   111

Table legend: (Time is in decaauts)
 A = Elapsed time spent in this place.
 B = Non-inter-level travel time spent in this place.
 C = Inter-level travel time spent in this place.
 D = Time resting spent in this place.
 E = Time spent auto-exploring this place.
 F = Levels seen in this place.
 G = Mean time per level.
                   A        B        C        D        E       F      G
               +--------+--------+--------+--------+--------+-----+--------+
         Total |   3195 |   3146 |     49 |      0 |   2701 |   3 | 1065.0 |
       Dungeon |   3195 |   3146 |     49 |      0 |   2701 |   3 | 1065.0 |
               +--------+--------+--------+--------+--------+-----+--------+

Top non-repeatable levels by time:
     D:1: 1223 daAuts
     D:2: 1045 daAuts
     D:3: 927 daAuts
